 Dungeon Crawl Stone Soup version 0.27.0-1-g7a08968 (webtiles) character file.

Game seed: 9621803665256511956

418 Illumine the Shield-Bearer (level 7, -12/55 HPs)
             Began as a Formicid Fighter on Aug 23, 2021.
             Was an Initiate of Okawaru.
             Killed by divine providence
             ... invoked by an orc priest
              (17 damage)
             ... on level 5 of the Dungeon.
             The game lasted 00:04:29 (3269 turns).

Illumine the Shield-Bearer (Formicid Fighter)       Turns: 3269, Time: 00:04:29

Health: -12/55     AC: 13    Str: 23    XL:     7   Next: 16%
Magic:  7/7        EV:  6    Int:  7    God:    Okawaru [......]
Gold:   133        SH: 10    Dex: 10    Spells: 6/6 levels left

rFire    . . .     SeeInvis +   a - +0 flail
rCold    . . .     Faith    .   c - +0 kite shield
rNeg     . . .     Spirit   .   h - +0 chain mail
rPois    .         Reflect  .   (helmet unavailable)
rElec    .         Harm     .   (no cloak)
rCorr    .         Rampage  .   (no gloves)
Will     .....                  (no boots)
Stlth    ..........             (no amulet)
HPRegen  0.18/turn              j - +4 ring of protection
MPRegen  0.10/turn              (no ring)

@: no status effects
A: permanent stasis, dig shafts and tunnels, antennae 3, four strong arms
a: Dig, Shaft Self, Renounce Religion


You were on level 5 of the Dungeon.
You worshipped Okawaru.
Okawaru was noncommittal.
You visited 1 branch of the dungeon, and saw 5 of its levels.

You collected 187 gold pieces.
You spent 54 gold pieces at shops.

Inventory:

Hand Weapons
 a - a +0 flail (weapon)
 b - a +0 hunting sling
Missiles
 e - 26 sling bullets
 f - 15 bolts
 i - 47 stones
 o - a throwing net
 q - 6 curare-tipped darts (quivered)
Armour
 c - a +0 kite shield (worn)
 h - a +0 chain mail (worn)
Jewellery
 j - a +4 ring of protection (left hand)
Wands
 m - a wand of flame (18)
 p - a wand of iceblast (4)
Scrolls
 g - 2 scrolls of teleportation {unknown}
 k - 3 scrolls of identify {unknown}
 l - a scroll of enchant weapon {unknown}
 r - a scroll of amnesia {unknown}
 t - a scroll of vulnerability {unknown}
Potions
 d - a potion of flight {unknown}
 n - 2 potions of curing {unknown}
 s - a potion of cancellation {unknown}


   Skills:
 + Level 4.6 Fighting
 * Level 4.5 Maces & Flails
 + Level 4.6 Armour
 + Level 5.1 Shields
 - Level 1.2 Invocations
 - Level 1.0 Evocations


You had 6 spell levels left.
You didn't know any spells.
Your spell library was empty.

Dungeon Overview and Level Annotations

Branches:
Dungeon (5/15)
 Temple: D:4-7

Altars:
Okawaru
Ru
Zin

Shops:
D:2 [


Innate Abilities, Weirdness & Mutations

You cannot be hasted, slowed, berserked, paralysed or teleported.
You can dig through walls and to a lower floor.
You have a pair of large antennae on your head. (SInv)
Your four strong arms can wield two-handed weapons with a shield.


Message History

The orc priest hits you but does no damage.
The orc hits you but does no damage.
You closely miss the orc priest.
The orc priest is heavily wounded.
The orc priest hits you but does no damage.
The orc hits you with a +0 flail.
You sock the orc priest!
You kill the orc priest!
Okawaru accepts your kill. The orc hits you but does no damage.
You block the orc's attack.
You thump the orc!
You kill the orc!
Okawaru accepts your kill.
The orc priest looks satisfied for a moment.
There is an open door, spattered with blood here.
Items here: ))) [ †.
You closely miss the orc priest.
The orc priest mumbles some strange prayers to Beogh against you.
Pain shoots through your body!
You closely miss the orc priest.
The orc priest hits you but does no damage.
You sock the orc priest!
The orc priest is severely wounded.
You block the orc priest's attack.
You closely miss the orc priest.
The orc priest is severely wounded.
The orc priest hits you with a +0 flail.
The orc priest calls down the wrath of Beogh upon you.
Beogh smites you!
You barely miss the orc priest.
The orc priest is severely wounded.
The orc priest mumbles some strange prayers to Beogh against you.
Beogh smites you!
* * * LOW HITPOINT WARNING * * *
You hit the orc priest.
The orc priest is severely wounded.
A hound skeleton comes into view.
The orc priest calls down the wrath of Beogh upon you.
Beogh smites you!
You die...

..##.##..###
..##.##..###
............
.....)......
............
...........# ####
.....##.... #######..##
.....########...#.....#
......'....#...)@.....#
.....##....'....#o....#
######.....#########Z##
#.....# #.#
##....##...............
#.....)#.........o.....
#......#.........o.o...
#.....##...#..#.#..#...
#.....# .. ######### ##


You could see an orc priest and a hound skeleton (wandering).

Vanquished Creatures
  An ogre (D:5)
  A scorpion (D:4)
  A hound (D:5)
  An orc priest (D:5)
  Ijyb (D:3)
  6 gnolls
  2 adders (D:2)
  An adder skeleton (D:2)
  2 worms
  4 dart slugs
  6 orcs
  8 ball pythons
  7 bats
  4 endoplasms
  2 giant cockroaches (D:1)
  6 goblins
  6 hobgoblins
  11 jackals
  6 kobolds
  2 quokkas
  5 frilled lizards
  3 rats (D:1)
86 creatures vanquished.

Notes
Turn   | Place    | Note
-------+----------+-------------------------------------------
     0 | D:1      | Illumine the Formicid Fighter began the quest for the Orb.
     0 | D:1      | Reached XP level 1. HP: 18/18 MP: 1/1
    75 | D:1      | Reached XP level 2. HP: 24/24 MP: 2/2
   161 | D:1      | Reached XP level 3. HP: 13/29 MP: 3/3
   180 | D:1      | Reached skill level 4 in Shields
   672 | D:1      | Reached XP level 4. HP: 35/37 MP: 4/4
  1189 | D:2      | Found Muecw's Armour Emporium.
  1195 | D:2      | Bought a +0 chain mail for 54 gold pieces
  1619 | D:2      | Reached XP level 5. HP: 40/42 MP: 5/5
  1730 | D:3      | Found a glowing silver altar of Zin.
  1744 | D:3      | Found an iron altar of Okawaru.
  1759 | D:3      | Became a worshipper of Warmaster Okawaru
  1974 | D:3      | Found a faded altar of an unknown god.
  1993 | D:3      | Noticed Ijyb
  2028 | D:3      | Killed Ijyb
  2496 | D:4      | Reached skill level 1 in Invocations
  2496 | D:4      | Reached skill level 1 in Evocations
  2496 | D:4      | Reached XP level 6. HP: 27/48 MP: 6/6
  2950 | D:4      | Found a sacrificial altar of Ru.
  3047 | D:5      | Entered Level 5 of the Dungeon
  3047 | D:5      | Noticed an ogre
  3051 | D:5      | Killed an ogre
  3052 | D:5      | Reached skill level 5 in Shields
  3191 | D:5      | Reached XP level 7. HP: 53/55 MP: 7/7
  3269 | D:5      | Killed from afar by an orc priest

Illustrated notes

Levels and vault maps discovered:
D:1:      zelgadis_glass_arrival_small, layout_basic
D:2:      layout_loops_ring, serial_shops, shop_fountains, amethyst_killhole
D:3:      layout_rooms, okawaru_metal_pillars_3, mainiacjoe_overflow_brackets,
          ebering_ecumenical_altar_abandoned, uniq_ijyb
D:4:      kennysheep_spiral_hall, layout_basic, nicolae_ru_sacrificial_ziggurat
D:5:      layout_gridville, chequers_temple_overflow_minitemple,
          minmay_misc_feat_columns, chequers_serial_rivers_small_3,
          uniq_crazy_yiuf_cottage

Skill      XL: |  1  2  3  4  5  6 |
---------------+-------------------+-----
Shields        | 4 5 |  5.1
Maces & Flails | 3 4 |  4.5
Armour         | 4 |  4.6
Fighting       | 4 |  4.6
Invocations    | 1 |  1.2
Evocations     | 1 |  1.0

Action                   |  1- 3 |  4- 6 |  7- 9 || total
-------------------------+-------+-------+-------++-------
Melee: Flail             |    78 |   215 |    21 ||   314
Throw: Dart              |       |     2 |       ||     2
  Use: Potion            |     1 |       |       ||     1
Armor: Scale mail        |    41 |    21 |       ||    62
       Chain mail        |       |   106 |    13 ||   119
Dodge: Dodged            |    33 |    62 |     3 ||    98
Block: Kite shield       |    53 |   131 |     9 ||   193
